[Event "Titled Tuesday Blitz April 18 Early 2023"]
[White "Womacka, Mathias"]
[Black "mrithyunjay"]
[WhiteFideId "4611390"]
[WhiteElo "2377"]
[BlackElo "2267"]
[Result "0-1"]
[Round "06"]
[TimeControl "180+2"]
[Date "2023.04.18"]
[WhiteClock "0:00:20"]
[BlackClock "0:01:28"]

1. e4 c5 2. Nf3 d6 3. d4 cxd4 4. Nxd4 Nf6 5. Nc3 a6 6. Be2 e5 7. Nb3 Be7 8. O-O O-O 9. Kh1 b5 10. a4 b4 11. Nd5 Bb7 12. Nxe7+ Qxe7 13. f3 a5 14. Bg5 Nbd7 15. Qd2 h6 16. Bh4 Rfc8 17. Rfd1 d5 18. exd5 Qd6 19. c4 bxc3 20. bxc3 Bxd5 21. c4 Qb6 22. cxd5 Qxb3 23. Bb5 Rc2 24. Qd3 Qxd3 25. Rxd3 Rac8 26. Kg1 g5 27. Bg3 Nc5 28. Re3 e4 29. d6 exf3 30. Rxf3 Nce4 31. Re1 Rd8 32. Be5 g4 33. Rxf6 Nxf6 34. Bxf6 Rxd6 35. Re8+ Kh7 36. Bd3+ Rxd3 0-1


[Site "https://www.chess.com"]

[Event "Titled Tuesday Blitz April 18 Early 2023"]
[White "hsd2016"]
[Black "Devaev, Alexander"]
[BlackFideId "4169395"]
[WhiteElo "2186"]
[BlackElo "2204"]
[Result "1-0"]
[Round "06"]
[TimeControl "180+2"]
[Date "2023.04.18"]
[WhiteClock "0:00:05"]
[BlackClock "0:00:09"]

1. e4 c6 2. d4 d5 3. Nd2 dxe4 4. Nxe4 Bf5 5. Ng3 Bg6 6. h4 h6 7. Nf3 Nd7 8. h5 Bh7 9. Bd3 Bxd3 10. Qxd3 Qc7 11. Bd2 e6 12. O-O-O Ngf6 13. Ne4 O-O-O 14. g3 Nc5 15. Nxc5 Bxc5 16. Bf4 Bd6 17. Bxd6 Rxd6 18. Ne5 Rhd8 19. Qc4 Rd5 20. f4 c5 21. dxc5 Rxc5 22. Rxd8+ Kxd8 23. Rd1+ Kc8 24. Qa4 Ra5 25. Qb4 Rc5 26. Qa4 a6 27. Rd2 Kb8 28. a3 Ka7 29. Qd4 Kb8 30. Qd8+ Ka7 31. Qd4 b6 32. Qe3 Nd5 33. Qe4 f5 34. Qe2 b5 35. Qf2 Kb7 36. Nd3 Rc4 37. Qe2 Re4 38. Qf2 Rc4 39. Re2 Qe7 40. Qe1 Rc6 41. Qa5 Qc7 42. Qd2 Nb6 43. Nb4 Rd6 44. Qe3 Nc4 45. Qf3+ Ka7 46. Qf2+ Qb6 47. Qxb6+ Kxb6 48. b3 Na5 49. Kb2 Nb7 50. Nd3 Nc5 51. Nxc5 Kxc5 52. Kc3 Kc6 53. Re5 Kb6 54. Re2 Rc6+ 55. Kb2 Rd6 56. Re3 Kc6 57. Kc3 Kc5 58. Re2 Kc6 59. Re5 a5 60. a4 bxa4 61. bxa4 Kb6 62. Rb5+ Ka6 63. Re5 Rc6+ 64. Kb3 Rb6+ 65. Ka3 Rc6 66. Kb2 Rb6+ 67. Kc3 Rc6+ 68. Kb3 Kb6 69. c4 Ka6 70. Kc3 Rb6 71. c5 Rd6 72. Kc4 Rc6 73. Re1 Kb7 74. Rb1+ Kc7 75. Rb5 e5 76. fxe5 f4 77. gxf4 Re6 78. Rxa5 Kb7 79. Rb5+ Ka6 80. Rb1 Re7 81. Re1 Rf7 82. Re4 Ka5 83. e6 Rb7 84. Kd5 Rb4 85. Rxb4 Kxb4 86. e7 1-0


[Site "https://www.chess.com"]

[Event "Titled Tuesday Blitz April 18 Early 2023"]
[White "Mrudul Dehankar"]
[Black "Weetik, Vjacheslav"]
[WhiteFideId "25096990"]
[BlackFideId "4153472"]
[WhiteElo "2139"]
[BlackElo "2469"]
[Result "1-0"]
[Round "06"]
[TimeControl "180+2"]
[Date "2023.04.18"]
[WhiteClock "0:00:02"]
[BlackClock "0:00:23"]

1. e4 c6 2. d4 d5 3. e5 Bf5 4. Nf3 e6 5. Be2 Nd7 6. O-O Ne7 7. Nbd2 h6 8. Nb3 g5 9. Bd2 Bg7 10. a4 Ng6 11. Ne1 Nf4 12. Bxf4 gxf4 13. Qd2 c5 14. Qxf4 cxd4 15. Bb5 Qg5 16. Qxd4 Bh3 17. f4 Qg6 18. Nc5 Rd8 19. Nxd7 Rxd7 20. Bxd7+ Kxd7 21. Qxa7 Rc8 22. c3 Bf8 23. Qxb7+ Kd8 24. Qb6+ Kd7 25. Qb5+ Kd8 26. Rf3 Bf5 27. Rg3 Qh5 28. Qb6+ Kd7 29. Qa7+ Rc7 30. Qa6 Qh4 31. Qf1 Rb7 32. b4 Rc7 33. Kh1 d4 34. Rf3 dxc3 35. Rd1+ Ke8 36. b5 Bb4 37. b6 Re7 38. Qb5+ Kf8 39. b7 Rxb7 40. Qxb7 c2 41. Qxb4+ Kg7 42. Rc1 Be4 43. Qxe4 Qg4 44. Rg3 h5 45. Rxg4+ hxg4 46. Nxc2 1-0


[Site "https://www.chess.com"]

[Event "Titled Tuesday Blitz April 18 Early 2023"]
[White "Vivas Zamora, Fabian Ernesto"]
[Black "brm72"]
[WhiteFideId "3902480"]
[WhiteElo "2262"]
[BlackElo "2648"]
[Result "1-0"]
[Round "06"]
[TimeControl "180+2"]
[Date "2023.04.18"]
[WhiteClock "0:01:29"]
[BlackClock "0:01:10"]

1. e4 c6 2. Nf3 d5 3. Nc3 dxe4 4. Nxe4 Nf6 5. Qe2 Nxe4 6. Qxe4 Nd7 7. Bc4 Nf6 8. Ne5 e6 9. Qe2 b5 10. Bd3 Qc7 11. a4 Bd6 12. Nxc6 b4 13. Nd4 a6 14. Nf5 Be5 15. Nxg7+ Kf8 16. Nh5 Bb7 17. Nxf6 Bxf6 18. Be4 Rg8 19. O-O Rc8 20. d3 Bxe4 21. Qxe4 Qxc2 22. Bh6+ Ke8 23. Rac1 1-0


[Site "https://www.chess.com"]

[Event "Titled Tuesday Blitz April 18 Early 2023"]
[White "Harriott, Tyrell"]
[Black "Skliarov, Viktor"]
[WhiteFideId "2086484"]
[BlackFideId "14106736"]
[WhiteElo "2107"]
[BlackElo "2317"]
[Result "0-1"]
[Round "06"]
[TimeControl "180+2"]
[Date "2023.04.18"]
[WhiteClock "0:02:12"]
[BlackClock "0:00:28"]

1. d4 Nf6 2. e3 g6 3. Bd3 Bg7 4. f4 O-O 5. f5 d5 6. fxg6 hxg6 7. Nf3 c5 8. c3 Nc6 9. O-O e5 10. Ng5 Bg4 11. Qe1 e4 12. Bb5 Nh7 13. Nxh7 Kxh7 14. Bxc6 bxc6 15. dxc5 Be5 16. h3 Be6 17. Nd2 Qg5 18. Kh1 Kg7 19. Rf4 Rh8 20. Kh2 Bxh3 21. gxh3 Bxf4+ 22. exf4 Rxh3+ 23. Kxh3 Rh8+ 0-1


[Site "https://www.chess.com"]

[Event "Titled Tuesday Blitz April 18 Early 2023"]
[White "Iskusnyh, Sergei"]
[Black "Alexikov, Alexander"]
[WhiteFideId "4120027"]
[BlackFideId "14103958"]
[WhiteElo "2492"]
[BlackElo "2186"]
[Result "1-0"]
[Round "06"]
[TimeControl "180+2"]
[Date "2023.04.18"]
[WhiteClock "0:00:57"]
[BlackClock "0:00:17"]

1. d4 Nf6 2. c4 g6 3. g3 Bg7 4. Bg2 O-O 5. Nc3 c6 6. e4 d6 7. Nge2 e5 8. O-O a6 9. Qc2 b5 10. Rd1 Qc7 11. a3 exd4 12. Nxd4 Bg4 13. f3 Bd7 14. cxb5 cxb5 15. Be3 Rc8 16. Rac1 Qd8 17. Qd2 Nc6 18. Nxc6 Rxc6 19. Bg5 Qb6+ 20. Be3 Qc7 21. Bd4 Be6 22. Nd5 Bxd5 23. exd5 Rc4 24. b3 Rxc1 25. Rxc1 Qb7 26. f4 Rc8 27. Rc6 1-0


[Site "https://www.chess.com"]

[Event "Titled Tuesday Blitz April 18 Early 2023"]
[White "Matveeva, Olga"]
[Black "Sieciechowicz, Marcin"]
[WhiteFideId "24107018"]
[BlackFideId "1130170"]
[WhiteElo "2056"]
[BlackElo "2302"]
[Result "0-1"]
[Round "06"]
[TimeControl "180+2"]
[Date "2023.04.18"]
[WhiteClock "0:00:11"]
[BlackClock "0:01:24"]

1. d4 Nf6 2. c4 g6 3. g3 Bg7 4. Bg2 O-O 5. Nc3 d6 6. Nf3 Nc6 7. O-O a6 8. Qd3 e5 9. dxe5 Nxe5 10. Nxe5 dxe5 11. Qxd8 Rxd8 12. Bg5 h6 13. Bxf6 Bxf6 14. Nd5 Kg7 15. Nxc7 Rb8 16. Nd5 Be6 17. Nxf6 Kxf6 18. b3 b5 19. cxb5 Rxb5 20. Rfd1 Rxd1+ 21. Rxd1 a5 22. Kf1 Ke7 23. Rc1 f5 24. Bc6 Rb6 25. Ke1 e4 26. Kd2 g5 27. f3 Kd6 28. Ba4 Bd5 29. Ke3 Rb8 30. fxe4 Bxe4 31. Kd4 h5 32. h4 gxh4 33. gxh4 Rg8 34. Rc5 Rg4 35. Rxa5 Rxh4 36. Ra6+ Kc7 37. Kc5 Rh1 38. Ra7+ Kc8 39. Rf7 Kd8 40. Bb5 h4 41. Rh7 h3 42. Kd6 Rd1+ 43. Ke5 Rd5+ 44. Kf4 Rxb5 45. Rxh3 Ke7 46. Rc3 Kd6 47. e3 Kd5 48. a3 Rb8 49. b4 Rg8 50. Rc5+ Kd6 51. Ra5 Rg4# 0-1


[Site "https://www.chess.com"]

[Event "Titled Tuesday Blitz April 18 Early 2023"]
[White "Lach, Aleksandra"]
[Black "Arias, Juan Cruz"]
[WhiteFideId "1134299"]
[BlackFideId "118540"]
[WhiteElo "2111"]
[BlackElo "2243"]
[Result "0-1"]
[Round "06"]
[TimeControl "180+2"]
[Date "2023.04.18"]
[WhiteClock "0:00:05"]
[BlackClock "0:00:15"]

1. Nf3 c5 2. g3 d5 3. Bg2 Nc6 4. O-O e5 5. d3 Be7 6. Nc3 d4 7. Ne4 f5 8. Ned2 Nf6 9. e4 fxe4 10. Nxe4 Nxe4 11. dxe4 O-O 12. Ne1 c4 13. Qe2 Be6 14. b3 b5 15. a4 a6 16. axb5 axb5 17. Rxa8 Qxa8 18. f4 Bc5 19. Kh1 d3 20. cxd3 cxb3 21. f5 Bf7 22. Bb2 Nd4 23. Qd2 Rd8 24. f6 g6 25. Qh6 Bf8 26. Qg5 Qa2 27. Bxd4 exd4 28. Qxb5 b2 29. Nf3 Qb3 30. Qxb3 Bxb3 31. Nd2 Bc2 32. e5 Kf7 33. Bh3 Re8 34. e6+ Rxe6 35. Bxe6+ Kxe6 36. Kg2 Kf7 37. Kf3 Bb4 38. Nb1 Bxd3 39. Rg1 Kxf6 40. g4 Ke5 41. h4 Be4+ 42. Ke2 d3+ 43. Kd1 Kd4 44. Nd2 Bd5 45. Rf1 Ke3 46. Re1+ Kd4 47. Rf1 Be6 48. Rg1 h5 49. gxh5 gxh5 50. Ke1 b1=Q+ 0-1


[Site "https://www.chess.com"]

[Event "Titled Tuesday Blitz April 18 Early 2023"]
[White "djokovic74"]
[Black "Davidson, Kevin"]
[BlackFideId "2056810"]
[WhiteElo "2569"]
[BlackElo "2151"]
[Result "0-1"]
[Round "06"]
[TimeControl "180+2"]
[Date "2023.04.18"]
[WhiteClock "0:00:05"]
[BlackClock "0:00:06"]

1. d4 Nf6 2. Nf3 g6 3. c4 Bg7 4. Nc3 d6 5. e4 O-O 6. Be2 e5 7. O-O Nc6 8. d5 Ne7 9. Ne1 Nd7 10. Be3 f5 11. f3 f4 12. Bf2 g5 13. b4 Ng6 14. c5 Nf6 15. Rc1 Rf7 16. Nd3 h5 17. a4 g4 18. c6 bxc6 19. dxc6 g3 20. hxg3 fxg3 21. Bxg3 h4 22. Bh2 Nh5 23. Qd2 Kh7 24. Nd5 Bh6 25. Qc3 Qg5 26. f4 Nhxf4 27. N3xf4 Nxf4 28. Nxf4 exf4 29. Bf3 Be6 30. Rfd1 Rg8 31. Rc2 Bg7 32. Qe1 Be5 33. Kh1 Rf6 34. Qf1 Bb3 35. Rcd2 Bxa4 36. Rc1 Rfg6 37. Qd3 a6 38. Qd5 Bb5 39. Qf7+ R8g7 40. Qf8 h3 41. gxh3 Qh6 42. Qf5 Qg5 43. Rg2 Qxf5 44. exf5 Rf6 45. Rxg7+ Kxg7 46. Bg4 Kf7 47. Kg2 Bd3 48. Kf3 Bxf5 49. Bxf5 Rxf5 50. Rc4 Ke6 51. Rc2 Kd5 52. Rg2 Kxc6 53. Ke4 Rf6 54. Rg5 Kb5 55. Bg1 Kxb4 56. h4 a5 57. h5 Rh6 58. Bf2 a4 59. Kf5 a3 60. Be1+ Kb3 61. Kg4 a2 62. Rg8 a1=Q 63. Rb8+ Kc4 64. Bh4 Kd5 65. Bg5 Qg1+ 66. Kf5 Rxh5 67. Rg8 Rxg5+ 68. Rxg5 Qxg5+ 69. Kxg5 f3 70. Kg4 f2 71. Kg5 f1=Q 72. Kg6 Qf6+ 73. Kh7 Qg7# 0-1


[Site "https://www.chess.com"]

[Event "Titled Tuesday Blitz April 18 Early 2023"]
[White "Koutsin, Sergey"]
[Black "Sreyas Payyappat"]
[WhiteFideId "14101483"]
[BlackFideId "46674969"]
[WhiteElo "2381"]
[BlackElo "2083"]
[Result "1-0"]
[Round "06"]
[TimeControl "180+2"]
[Date "2023.04.18"]
[WhiteClock "0:00:09"]
[BlackClock "0:00:07"]

1. d4 Nf6 2. c4 c5 3. d5 e6 4. Nc3 exd5 5. cxd5 d6 6. e4 g6 7. Nf3 Bg7 8. Nd2 O-O 9. Be2 Re8 10. O-O a6 11. a4 Nbd7 12. h3 Rb8 13. a5 b5 14. axb6 Qxb6 15. Ra3 h6 16. Kh1 g5 17. Nc4 Qc7 18. f4 gxf4 19. Bxf4 Ne5 20. Bxe5 dxe5 21. Qe1 Rb4 22. Qh4 Qe7 23. Qg3 Kh8 24. Raa1 Rb8 25. Rf2 Bd7 26. Raf1 Bb5 27. b3 Bxc4 28. Bxc4 a5 29. Rf5 Rb6 30. Qf3 Reb8 31. d6 Rxd6 32. Nd5 Nxd5 33. Rxf7 Rf6 34. Rxe7 Rxf3 35. exd5 Rxf1+ 36. Bxf1 Rxb3 37. d6 Bf6 38. Re8+ Kg7 39. Bc4 Rb1+ 40. Kh2 Rd1 41. Rg8+ Kh7 42. Ra8 Rxd6 43. Rxa5 Rc6 44. Kg3 Kg6 45. Kf3 Kf5 46. Bd3+ Ke6 47. Bc4+ Kd6 48. Ke4 Rb6 49. g4 Bg5 50. Ra8 Rb4 51. Ra6+ Kc7 52. Kd5 Be3 53. Rc6+ Kb7 54. Re6 Bd4 55. Rxh6 e4 56. Rh7+ Kc8 57. Re7 e3 58. g5 Rb6 59. h4 Kd8 60. Re4 Rb2 61. g6 Rg2 62. Re6 Kd7 63. Bb5+ Kd8 64. Kd6 Kc8 65. Bc6 Kb8 66. Bxg2 Ka7 67. Kd5 c4 68. Kxc4 Bb6 69. Kd3 e2 70. Kxe2 Ka6 71. g7 Ka5 72. g8=Q Ka6 73. Qg5 Ka7 74. Qb5 Kb8 75. Qxb6+ Kc8 76. Qc6+ Kb8 77. Qb7# 1-0


[Site "https://www.chess.com"]

[Event "Titled Tuesday Blitz April 18 Early 2023"]
[White "Begunov, Konstantin"]
[Black "arpita_chess"]
[WhiteFideId "4118510"]
[WhiteElo "2087"]
[BlackElo "2554"]
[Result "0-1"]
[Round "06"]
[TimeControl "180+2"]
[Date "2023.04.18"]
[WhiteClock "0:00:11"]
[BlackClock "0:01:36"]

1. d4 c5 2. dxc5 Nf6 3. Nc3 e5 4. Na4 Nc6 5. c3 d5 6. cxd6 Bxd6 7. b3 b5 8. Nb2 O-O 9. Bg5 h6 10. Bh4 g5 11. Bg3 Ne4 12. Qd3 Bf5 13. Qxb5 Bb4 14. Nd3 Bxc3+ 15. Kd1 Nd4 16. Qxe5 Bxa1 17. e3 Nc3+ 18. Ke1 Nc2+ 19. Kd2 Ne4+ 20. Kxc2 Bxe5 21. Bxe5 Rc8+ 22. Kb2 Nxf2 23. Nxf2 Rc2+ 24. Ka1 Rc1+ 25. Kb2 Rb1+ 26. Kc3 Qa5+ 27. Kd4 Rd8+ 0-1


[Site "https://www.chess.com"]

[Event "Titled Tuesday Blitz April 18 Early 2023"]
[White "Petrova, Irina"]
[Black "Han, Yichen"]
[WhiteFideId "14124122"]
[BlackFideId "1054430"]
[WhiteElo "2084"]
[BlackElo "2342"]
[Result "0-1"]
[Round "06"]
[TimeControl "180+2"]
[Date "2023.04.18"]
[WhiteClock "0:00:06"]
[BlackClock "0:00:02"]

1. e4 Nc6 2. Nf3 d6 3. d4 Bg4 4. c3 Nf6 5. Bd3 e5 6. d5 Ne7 7. Be3 Ng6 8. O-O Nh4 9. Nbd2 Be7 10. Bb5+ Nd7 11. Qa4 Nxf3+ 12. Nxf3 a6 13. Be2 O-O 14. Qd1 f5 15. exf5 Bxf5 16. Nd2 Nf6 17. c4 b5 18. cxb5 axb5 19. Bxb5 Rb8 20. a4 Nxd5 21. Bc4 c6 22. a5 Kh8 23. Bxd5 cxd5 24. Bb6 Rxb6 25. axb6 Qxb6 26. Nf3 d4 27. Qa4 Qxb2 28. Qa7 Bf6 29. Qc7 e4 30. Qxd6 Rd8 31. Ne5 Qb3 32. Qc5 Qe6 33. Nc6 Rg8 34. Ra6 d3 35. Nb4 Qd7 36. Ra7 Qc8 37. Qxc8 Bxc8 38. Nd5 Bd4 39. Re1 Bxa7 40. Ne7 Rf8 0-1


[Site "https://www.chess.com"]

[Event "Titled Tuesday Blitz April 18 Early 2023"]
[White "Mika, Tomasz"]
[Black "Gontcharov, Vladislav"]
[WhiteFideId "1132970"]
[BlackFideId "4123492"]
[WhiteElo "2179"]
[BlackElo "2420"]
[Result "1-0"]
[Round "06"]
[TimeControl "180+2"]
[Date "2023.04.18"]
[WhiteClock "0:00:06"]
[BlackClock "0:00:20"]

1. Nf3 Nf6 2. c4 c5 3. Nc3 Nc6 4. g3 g6 5. Bg2 Bg7 6. d3 O-O 7. Be3 b6 8. h3 Bb7 9. Qd2 Re8 10. g4 d5 11. cxd5 Nxd5 12. Bh6 Bh8 13. h4 Ncb4 14. h5 Nxc3 15. bxc3 Nd5 16. Rc1 Nf6 17. hxg6 hxg6 18. Qg5 Qd7 19. Ne5 Bxg2 20. Nxd7 Bxh1 21. Ne5 Nh7 22. Qf4 Bd5 23. Kd2 Rad8 24. c4 Be6 25. Rh1 Rd4 26. Qh2 Nf6 27. Bf8 Ne4+ 28. Kc2 Bf6 29. g5 Kxf8 30. gxf6 exf6 31. Nc6 Rxc4+ 32. dxc4 Bh3 33. Qxh3 1-0


[Site "https://www.chess.com"]

[Event "Titled Tuesday Blitz April 18 Early 2023"]
[White "Manon-og, Ramon Jr."]
[Black "Reprintsev, Alexander"]
[WhiteFideId "5200776"]
[BlackFideId "14100541"]
[WhiteElo "2387"]
[BlackElo "2211"]
[Result "0-1"]
[Round "06"]
[TimeControl "180+2"]
[Date "2023.04.18"]
[WhiteClock "0:02:01"]
[BlackClock "0:01:24"]

1. e4 d5 2. exd5 Qxd5 3. Nc3 Qa5 4. d4 Nf6 5. Nf3 Nc6 6. h3 Ne4 7. Qd3 Bf5 8. Nh4 Nxf2 9. Qxf5 Qxf5 10. Nxf5 Nxh1 11. Bf4 e6 12. Bb5 O-O-O 13. Ne3 Nxd4 0-1


[Site "https://www.chess.com"]

[Event "Titled Tuesday Blitz April 18 Early 2023"]
[White "Aggelis, Nikolaos"]
[Black "LeoLV10"]
[WhiteFideId "4213220"]
[WhiteElo "2189"]
[BlackElo "2386"]
[Result "1-0"]
[Round "06"]
[TimeControl "180+2"]
[Date "2023.04.18"]
[WhiteClock "0:00:06"]
[BlackClock "0:00:02"]

1. c4 c5 2. Nf3 Nc6 3. Nc3 e6 4. e3 Nf6 5. d3 Be7 6. Be2 a6 7. O-O O-O 8. a3 Rb8 9. Qc2 b5 10. Bd2 d5 11. b3 b4 12. Na4 bxa3 13. Rxa3 Nb4 14. Bxb4 cxb4 15. Ra2 Bb7 16. c5 Rc8 17. d4 Ne4 18. Nd2 Nxd2 19. Qxd2 e5 20. Qxb4 Rb8 21. Nb6 exd4 22. exd4 Qc7 23. Bxa6 Bc6 24. Bd3 Bf6 25. g3 g6 26. Re1 Bg7 27. Rae2 Qd8 28. Re7 Bf6 29. R7e3 Bg7 30. Bc2 Qf6 31. Re5 Rfd8 32. Qd2 Qf3 33. Bd1 Qf6 34. b4 Bb5 35. Be2 Qc6 36. Bxb5 Qxb5 37. Rxd5 Rxd5 38. Nxd5 Rd8 39. Ne7+ Kh8 40. d5 Qc4 41. d6 Bc3 42. Qe2 Qxb4 43. Rd1 Qxc5 44. Qd3 Bf6 45. Qd5 Qxd5 46. Rxd5 Ra8 47. Nc6 Bg7 48. d7 Bf6 49. Rd6 Ra1+ 50. Kg2 Bg5 51. h4 Ra2 52. hxg5 1-0


[Site "https://www.chess.com"]

[Event "Titled Tuesday Blitz April 18 Early 2023"]
[White "Sowul, Bartosz"]
[Black "Gonzalez Zamora, Juan Carlos"]
[WhiteFideId "1137590"]
[BlackFideId "3507548"]
[WhiteElo "2188"]
[BlackElo "2535"]
[Result "1-0"]
[Round "06"]
[TimeControl "180+2"]
[Date "2023.04.18"]
[WhiteClock "0:00:06"]
[BlackClock "0:00:13"]

1. e4 d6 2. d4 Nf6 3. Nc3 g6 4. Be3 Bg7 5. Qd2 a6 6. Nf3 Nbd7 7. Bd3 e5 8. d5 b5 9. Bh6 O-O 10. h4 Nc5 11. a3 Bb7 12. h5 Nxh5 13. g4 Nf4 14. Bxf4 exf4 15. Qxf4 Qf6 16. Qg3 g5 17. e5 Nxd3+ 18. cxd3 Qg6 19. O-O-O dxe5 20. Rh5 h6 21. Nxe5 Qd6 22. d4 Rae8 23. Rdh1 Bxd5 24. f3 Bb7 25. Qh3 Qxd4 26. Rxh6 Qe3+ 27. Kb1 Bxe5 28. Rh8+ Kg7 29. Qh6# 1-0


[Site "https://www.chess.com"]

[Event "Titled Tuesday Blitz April 18 Early 2023"]
[White "Omelja, Artem"]
[Black "Koridze, Lile"]
[WhiteFideId "14119846"]
[BlackFideId "13612514"]
[WhiteElo "2404"]
[BlackElo "2047"]
[Result "1-0"]
[Round "06"]
[TimeControl "180+2"]
[Date "2023.04.18"]
[WhiteClock "0:00:03"]
[BlackClock "0:00:02"]

1. d4 Nf6 2. c4 e6 3. Nf3 d5 4. Nc3 Bb4 5. cxd5 exd5 6. Qa4+ Nc6 7. Bg5 O-O 8. e3 h6 9. Bh4 g5 10. Bg3 Ne4 11. Qc2 Bf5 12. Bd3 Qd7 13. O-O Rae8 14. a3 Bxc3 15. bxc3 Nxg3 16. hxg3 Be4 17. c4 Bxd3 18. Qxd3 Kg7 19. Rab1 b6 20. cxd5 Qxd5 21. Rfc1 Qd6 22. Qc3 Ne7 23. Qxc7 Qxa3 24. Ra1 Qb2 25. Rcb1 Qe2 26. Rxa7 Nd5 27. Qc6 Ne7 28. Qb5 Qc2 29. Qb2 Qe4 30. Nd2 Qd3 31. Ra3 Qf5 32. Nc4 Rd8 33. d5+ Kg8 34. d6 Nd5 35. Rd1 Nf6 36. Rb3 Ne4 37. Rb5 Qe6 38. Qd4 Rc8 39. Nxb6 Rc2 40. Re5 Qxd6 41. Qxd6 Nxd6 42. Rxd6 Rb8 43. g4 Rb2 44. Nd5 Rc8 45. Kh2 Rcc2 46. Kg3 Rxf2 47. Ne7+ Kg7 48. Nf5+ Kh7 49. Rxh6+ Kg8 50. Re8# 1-0


[Site "https://www.chess.com"]

[Event "Titled Tuesday Blitz April 18 Early 2023"]
[White "Degenbaev, Aziz"]
[Black "Leve, Nitai"]
[WhiteFideId "13802640"]
[BlackFideId "2006898"]
[WhiteElo "2152"]
[BlackElo "2144"]
[Result "1/2-1/2"]
[Round "06"]
[TimeControl "180+2"]
[Date "2023.04.18"]
[WhiteClock "0:00:22"]
[BlackClock "0:00:25"]

1. e4 d5 2. exd5 Nf6 3. Nf3 Bg4 4. d4 Qxd5 5. Be2 Nc6 6. c4 Qh5 7. Nc3 O-O-O 8. Be3 e5 9. d5 e4 10. Nd2 Ne5 11. Ndxe4 Nxe4 12. Nxe4 Bb4+ 13. Nd2 Bxe2 14. Qxe2 Bxd2+ 15. Kxd2 Qxe2+ 16. Kxe2 Nxc4 17. Rhd1 Rhe8 18. Rd4 Nxe3 19. fxe3 Re5 20. Rad1 f5 21. Kf3 g5 22. h3 h5 23. d6 cxd6 24. Rxd6 Rde8 25. Rc1+ Kb8 26. Rc3 g4+ 27. hxg4 hxg4+ 28. Kf2 a6 29. Rd7 Rc8 30. Rxc8+ Kxc8 31. Rf7 b5 32. b4 Re4 33. a3 Re5 34. Ke2 Kb8 35. Kd3 Rd5+ 36. Kc3 Re5 37. Kd4 Re4+ 38. Kd3 Re5 39. g3 Ka8 40. Kd4 Re4+ 41. Kc5 Rxe3 42. Rxf5 Kb7 43. Rf7+ Kc8 44. Kc6 Kd8 45. Rg7 Rxg3 46. Kb6 Rxa3 47. Rxg4 Kd7 48. Rg6 Ra1 49. Kc5 a5 50. Kxb5 axb4 51. Kxb4 Rf1 52. Kc4 Rc1+ 53. Kd5 Rd1+ 54. Ke4 Re1+ 55. Kf3 Re6 56. Rg5 Re8 57. Ra5 Rf8+ 58. Ke4 Kc6 59. Kd4 Rf4+ 60. Ke5 Rh4 61. Ra6+ Kb5 62. Ra8 Rh5+ 63. Kd4 Rh4+ 64. Ke3 Rh3+ 65. Kf4 Rh4+ 66. Kg5 Ra4 67. Rb8+ Kc4 68. Kf4 Kc5+ 69. Ke5 Kc6 70. Rc8+ Kd7 71. Rc5 Ra1 72. Rd5+ Ke7 73. Rd3 Re1+ 74. Kd5 Rh1 75. Re3+ Kd7 76. Rg3 Rh5+ 77. Ke4 Rh4+ 78. Kf5 Ra4 79. Rg7+ Kd6 80. Rg6+ Kd7 81. Rb6 Ra5+ 82. Kf6 Ra1 83. Rb7+ Kc6 84. Rb2 Rf1+ 85. Ke5 Re1+ 86. Kd4 Rd1+ 87. Kc4 Rc1+ 88. Kb3 Rh1 89. Rc2+ Kd6 90. Rc3 Rh5 91. Rg3 Rb5+ 92. Kc3 Rb8 93. Rg6+ Ke5 94. Rg5+ Ke4 95. Rg1 Rc8+ 96. Kb4 Rb8+ 97. Kc5 Rc8+ 98. Kd6 Rd8+ 99. Ke7 Rd2 100. Re1+ Kd3 101. Kd6 1/2-1/2


[Site "https://www.chess.com"]

[Event "Titled Tuesday Blitz April 18 Early 2023"]
[White "Marcziter, Dmitrii"]
[Black "Camacho Collados, Jose"]
[WhiteFideId "13900765"]
[BlackFideId "2265427"]
[WhiteElo "2162"]
[BlackElo "2198"]
[Result "0-1"]
[Round "06"]
[TimeControl "180+2"]
[Date "2023.04.18"]
[WhiteClock "0:00:21"]
[BlackClock "0:00:13"]

1. e4 Nf6 2. e5 Nd5 3. d4 d6 4. Nf3 e6 5. Be2 dxe5 6. Nxe5 Nd7 7. Nxd7 Bxd7 8. O-O Be7 9. c4 Nf6 10. Bf3 Rb8 11. Nc3 O-O 12. Bf4 Bd6 13. Qd2 Qe7 14. Rfe1 Rfd8 15. Bg5 c6 16. a3 h6 17. Bh4 Be8 18. Qc2 g5 19. Bg3 Bxg3 20. hxg3 Rxd4 21. Ne4 Rbd8 22. Re2 Nxe4 23. Bxe4 Qf6 24. Rae1 b6 25. c5 b5 26. b3 a5 27. g4 b4 28. a4 Qf4 29. Bf3 Rd2 30. Qb1 Rxe2 31. Rxe2 Rd2 32. Re4 Qf6 33. Qe1 Rd3 34. Re3 Qc3 35. Qxc3 Rxc3 36. Rxc3 bxc3 37. Be4 f5 38. gxf5 exf5 39. Bc2 Kg7 40. Kf1 Kf6 41. Ke2 Ke5 42. Kd3 Kd5 43. Kxc3 Kxc5 44. Bxf5 Bf7 45. g3 h5 46. f4 gxf4 47. gxf4 h4 48. Bh3 Bd5 49. f5 Kd6 50. f6 c5 51. Bf1 Ke5 52. Bh3 Kxf6 53. Kc2 Ke5 54. Kc3 Be6 55. Bg2 h3 56. Bxh3 Bxh3 57. Kc4 Kd6 58. Kb5 Be6 59. Kxa5 Bxb3 60. Kb5 Kd5 61. a5 Bc4+ 62. Ka4 Ba6 63. Kb3 Kd4 64. Kc2 Kc4 65. Kb2 Kb4 66. Kc2 Kxa5 67. Kb2 Kb4 68. Kc2 c4 69. Kb2 c3+ 70. Kc2 Bc4 71. Kc1 Kb3 72. Kb1 Bd3+ 73. Kc1 c2 74. Kd2 Kb2 75. Kxd3 c1=Q 76. Ke4 Qc3 0-1


[Site "https://www.chess.com"]

[Event "Titled Tuesday Blitz April 18 Early 2023"]
[White "Ansh M Shah"]
[Black "Garv Gaur"]
[WhiteFideId "25033379"]
[BlackFideId "45030839"]
[WhiteElo "2084"]
[BlackElo "2068"]
[Result "0-1"]
[Round "06"]
[TimeControl "180+2"]
[Date "2023.04.18"]
[WhiteClock "0:00:21"]
[BlackClock "0:01:38"]

1. d4 Nf6 2. c4 e6 3. g3 b6 4. Bg2 c6 5. Nf3 Ba6 6. Nc3 Bxc4 7. Ne5 Ba6 8. Bf4 d5 9. Qa4 Bb7 10. Rc1 Bd6 11. O-O O-O 12. e4 Nh5 13. Be3 Nf6 14. Nxf7 Rxf7 15. e5 Bxe5 16. dxe5 Nfd7 17. f4 a5 18. Bh3 Qe7 19. a3 c5 20. Nb5 Bc6 21. Rfe1 Na6 22. Bf1 Nc7 23. Qb3 c4 24. Nxc7 cxb3 25. Rxc6 Rc8 26. Rec1 Nc5 27. Bxc5 bxc5 28. R1xc5 Rxc7 29. Rxc7 Qxc7 30. Rxc7 Rxc7 31. Bd3 Rc2 0-1


[Site "https://www.chess.com"]

[Event "Titled Tuesday Blitz April 18 Early 2023"]
[White "Kula, Robert"]
[Black "Novikov, Evgenij"]
[WhiteFideId "1101218"]
[BlackFideId "4125380"]
[WhiteElo "2180"]
[BlackElo "2242"]
[Result "0-1"]
[Round "06"]
[TimeControl "180+2"]
[Date "2023.04.18"]
[WhiteClock "0:00:57"]
[BlackClock "0:00:10"]

1. d4 Nf6 2. c4 c5 3. d5 e6 4. Nc3 exd5 5. cxd5 Bd6 6. e4 O-O 7. Bd3 Bc7 8. Nge2 Re8 9. O-O a6 10. a4 d6 11. Bg5 h6 12. Bh4 Bg4 13. f3 Bh5 14. Nf4 Bg6 15. Nxg6 fxg6 16. Bg3 g5 17. Qb3 Bb6 18. Bf2 Nbd7 19. Be2 Ne5 20. Qc2 Qe7 21. a5 Ba7 22. Na4 Ng6 23. Bc4 Nf4 24. Nb6 Rad8 25. Rae1 Kh8 26. Be3 Bxb6 27. axb6 Nd7 28. Qb3 Ne5 29. g3 Nh3+ 30. Kg2 g4 31. fxg4 Ng5 32. Bxg5 Qxg5 33. Rf5 Qxg4 34. Be2 Qxe4+ 35. Rf3 Rf8 36. Qe3 Qxd5 37. Rd1 Qc6 38. Rf1 Nxf3 39. Bxf3 Rxf3 40. Rxf3 Rf8 41. Kf2 Rxf3+ 42. Qxf3 Qxf3+ 43. Kxf3 Kg8 44. Ke4 Kf7 45. Kd5 Ke7 46. b3 Kd7 47. g4 g6 48. h3 g5 49. Kc4 Kc6 50. Kd3 d5 51. Kc3 Kxb6 52. b4 Kc6 53. bxc5 Kxc5 54. Kd3 b5 55. Kc3 a5 56. Kb3 a4+ 57. Ka3 Kc4 58. Ka2 b4 59. Kb2 a3+ 60. Kb1 Kc3 61. Ka1 Kc2 62. h4 b3 63. hxg5 b2+ 64. Ka2 b1=Q+ 65. Kxa3 Qb3# 0-1


[Site "https://www.chess.com"]